 Dungeon Crawl Stone Soup version 0.30-a0-223-gcb0039aa0c (webtiles) character file.

Game seed: 11791074608997179920

59259 gruber the Thaumaturge (level 14, 0/110 HPs)
             Began as a Gnoll Ice Elementalist on Oct 9, 2022.
             Was a High Priest of Vehumet.
             Slain by a rime drake (6 damage)
             ... on level 4 of the Lair of Beasts.
             The game lasted 00:42:59 (18095 turns).

gruber the Thaumaturge (Gnoll Ice Elementalist)    Turns: 18095, Time: 00:42:59

Health: 0/110      AC: 16    Str: 11    XL:     14   Next: 94%
Magic:  29/29      EV: 16    Int: 23    God:    Vehumet [*****.]
Gold:   698        SH:  7    Dex: 14    Spells: 15/35 levels left

rFire   + + .      SeeInvis +    r - +2 dagger (venom)
rCold   + + +      Faith    .    A - +1 buckler "Wuddec" {rC+ rCorr SInv Stlth+}
rNeg    . . .      Spirit   .    j - +0 troll leather armour
rPois   +          Reflect  .    t - +1 helmet
rElec   +          Harm     .    Q - +0 cloak of Thoughtfulness {rCorr Str+4 Int+2}
rCorr   +          Rampage  .    O - +1 pair of gloves of the Trombone {rF+}
Will    +....                    (no boots)
Stlth   ++++++....               (no amulet)
HPRegen 1.18/turn                R - ring of poison resistance
MPRegen 0.21/turn                I - +4 ring of protection

@: resistant, frozen, freezing walls, very slow
A: fangs 1, strong nose, distributed training, thin skeletal structure 1, cold
resistance 1
a: Renounce Religion


You were on level 4 of the Lair of Beasts.
You worshipped Vehumet.
Vehumet was extremely pleased with you.
You visited 3 branches of the dungeon, and saw 19 of its levels.
You also visited: Bailey.

You collected 698 gold pieces.

Inventory:

Hand Weapons
 r - a +2 dagger of venom (weapon)
 T - a +1 vampiric hand axe
Missiles
 d - 5 throwing nets
Armour
 j - a +0 troll leather armour (worn)
 t - a +1 helmet (worn)
 A - the +1 buckler "Wuddec" (worn) {rC+ rCorr SInv Stlth+}
   (You found it on level 5 of the Dungeon)

   rC:        It protects you from cold.
   SInv:      It lets you see invisible.
   rCorr:     It protects you from acid and corrosion.
   Stlth:     It makes you more stealthy.
 O - the +1 pair of gloves of the Trombone (worn) {rF+}
   (You acquired it in a bailey)

   rF:        It protects you from fire.
 Q - the +0 cloak of Thoughtfulness (worn) {rCorr Str+4 Int+2}
   (You acquired it on level 2 of the Lair of Beasts)

   Str:       It affects your strength (+4).
   Int:       It affects your intelligence (+2).
   rCorr:     It protects you from acid and corrosion.
Jewellery
 z - a ring of protection from fire
 I - a +4 ring of protection (right hand)
 L - a ring of resist corrosion
 R - a ring of poison resistance (left hand)
Wands
 c - a wand of mindburst (2)
 e - a wand of flame (18)
 x - a wand of paralysis (9)
 S - a wand of roots (8)
Scrolls
 f - 2 scrolls of fog
 g - 3 scrolls of blinking
 m - a scroll of brand weapon {unknown}
 o - a scroll of noise {unknown}
 q - a scroll of fear {unknown}
 w - 2 scrolls of immolation {unknown}
 y - 3 scrolls of teleportation {unknown}
 C - 3 scrolls of magic mapping {unknown}
 D - 6 scrolls of amnesia
 E - 2 scrolls of summoning {unknown}
 G - 2 scrolls of silence {unknown}
 H - 5 scrolls of poison {unknown}
 K - 2 scrolls of vulnerability {unknown}
 N - a scroll of enchant armour {unknown}
 P - a scroll of enchant weapon
 U - a scroll of identify
Potions
 a - 2 potions of attraction
 b - 3 potions of magic
 h - a potion of might
 i - a potion of mutation
 k - 2 potions of cancellation
 n - a potion of invisibility
 p - 2 potions of berserk rage
 s - 4 potions of curing
 u - 2 potions of heal wounds {unknown}
 v - a potion of brilliance
 B - 2 potions of ambrosia
 F - a potion of haste {unknown}


   Skills:
 + Level 10.0 Fighting
 + Level 10.0 Short Blades
 + Level 10.0 Long Blades
 + Level 10.0 Axes
 + Level 10.0 Maces & Flails
 + Level 10.0 Polearms
 + Level 10.0 Staves
 + Level 10.0 Ranged Weapons
 + Level 10.0 Throwing
 + Level 10.0 Armour
 + Level 11.0 Dodging
 + Level 10.8 Stealth
 + Level 10.0 Shields
 + Level 10.0 Unarmed Combat
 + Level 11.1 Spellcasting
 + Level 8.3 Conjurations
 + Level 8.3 Hexes
 + Level 8.3 Summonings
 + Level 8.3 Necromancy
 + Level 8.3 Translocations
 + Level 8.3 Transmutations
 + Level 8.3 Fire Magic
 + Level 11.0 Ice Magic
 + Level 8.3 Air Magic
 + Level 8.3 Earth Magic
 + Level 8.3 Poison Magic
 + Level 10.8 Invocations
 + Level 10.0 Evocations


You had 15 spell levels left.
You knew the following spells:

 Your Spells              Type           Power      Damage    Failure   Level
a - Freeze                Ice            100%       1d11      1%          1
b - Frozen Ramparts       Ice            100%       1d16      1%          3
c - Ozocubu's Armour      Ice            59%        N/A       1%          3
d - Summon Ice Beast      Ice/Summ       55%        N/A       1%          4
e - Olgreb's Toxic Radia  Pois           50%        N/A       1%          4
f - Arcjolt               Conj/Air       25%        1d35      1%          5

Your spell library contained the following spells:

 Spells                   Type           Power      Damage    Failure   Level
 Eringya's Noxious Bog    Tmut/Pois      25%        N/A       11%         6
 Necrotise                Necr           100%       1d9       1%          1
 Sting                    Tmut/Pois      100%       1d8       1%          1
 Poisonous Vapours        Pois/Air       100%       N/A       1%          2
 Call Canine Familiar     Summ           50%        N/A       1%          3
 Portal Projectile        Hex/Tloc       100%       N/A       1%          3
 Vampiric Draining        Necr           50%        2d9       1%          3
 Leda's Liquefaction      Hex/Erth       25%        N/A       2%          4
 Metabolic Englaciation   Hex/Ice        27%        N/A       4%          5
 Agony                    Necr           50%        N/A       7%          5
 Simulacrum               Ice/Necr       27%        N/A       22%         6


Dungeon Overview and Level Annotations

Branches:
Dungeon (13/15)            Temple (1/1) D:7            Lair (5/5) D:10
 Shoals (0/4) Lair:2          Orc (0/2) D:9          Bailey (visited)
  Snake: Lair:2-3    Spider: Lair:2-3     Slime: Lair:4-5    Vaults: D:13-14

Altars:
Ashenzari
Cheibriados
Dithmenos
Elyvilon
Fedhas
Gozag
Hepliaklqana
Kikubaaqudgha
Makhleb
Nemelex Xobeh
Okawaru
Qazlal
Ru
Sif Muna
Trog
Uskayaw
Vehumet
Wu Jian
Xom
Yredelemnul
Zin
The Shining One

Shops:
D:13 =

Annotations:
D:1 1 runed translucent door
D:6 3 runed translucent doors, p0werm0de's ghost, novice OpMo
D:13 2 transporters, Celin's ghost, journeyman DsBr


Innate Abilities, Weirdness & Mutations

You have very sharp teeth.
Your uncanny sense of smell can sniff out nearby items.
Your experience applies equally to all skills.
You have a somewhat thin skeletal structure. (Dex +2, Stealth+)
Your flesh is cold resistant. (rC+)


Message History

* * * LOW HITPOINT WARNING * * *
The fire dragon completely misses you. The fire dragon closely misses you.
Unknown command.
Unknown command.
The rime drake is engulfed in a cloud of scalding steam.
The rime drake resists.
The wall freezes the rime drake.
The rime drake misses you.
The rime drake resists.
The wall freezes the rime drake.
The steam dragon barely misses you. The steam dragon misses you.
The wall freezes the fire dragon but does no damage.
The fire dragon breathes flames at you. The blast of flame hits you!!
You resist.
* * * LOW HITPOINT WARNING * * *
The wall freezes the steam dragon!
Unknown command.
Unknown command.
You feel less invigorated.
You feel less confused.
The rime drake is engulfed in a cloud of scalding steam.
The rime drake resists.
The wall freezes the rime drake.
You block the rime drake's attack.
The rime drake resists.
The wall freezes the rime drake.
You kill the rime drake!
Vehumet accepts your kill. The steam dragon closely misses you.
The steam dragon barely misses you.
The wall freezes the fire dragon but does no damage.
You block the fire dragon's attack. The fire dragon misses you.
The fire dragon closely misses you.
The rime drake resists.
The wall freezes the rime drake.
The rime drake breathes ice at you. The flash freeze hits you!
You partially resist.
* * * LOW HITPOINT WARNING * * *
You are encased in ice.
A rime drake comes into view.
Unknown command.
It was a potion of resistance.
You feel protected.
The rime drake resists.
The wall freezes the rime drake.
The rime drake bites you.
You die...
P

............. #
P...............##
#..................#
..#............§§..#
#.#...P......(..k≈#
#.#.......#....§.#
..........#††[[.D#
..#.....#.††††.DD#
............[..k@#
#..............#.#
....#...........?..
#.#.........#..#.#...
....#.#.....#.........
#.........#.##........
P...........##........
......P........#.#.
... P.......#......


You could see a fire dragon (catching breath), 2 rime drakes and 2 steam
dragons.

Vanquished Creatures
  Harold (D:9)
  2 vault guards (Bailey)
  2 hydras
  A two-headed ogre (D:9)
  2 boulder beetles
  2 catoblepae
  A centaur warrior (D:13)
  2 death knights (D:13)
  A tengu warrior (D:13)
  A fire crab (shapeshifter) (D:13)
  A deep troll (Lair:2)
  A lindwurm (Lair:4)
  An ugly thing (D:11)
  5 cyclopes
  A manticore (D:11)
  A merfolk siren (Lair:2)
  A black mamba (Lair:2)
  3 elephants (Lair:2)
  Maurice (D:10)
  14 cane toads
  3 unseen horrors
  11 rime drakes
  2 freezing wraiths (D:13)
  5 komodo dragons
  2 gargoyles
  2 merfolk (Lair:2)
  2 tengu conjurers (D:13)
  A troll (D:12)
  Prince Ribbit (Bailey)
  A hornet (D:11)
  10 blink frogs (Lair:5)
  11 slime creatures
  7 wraiths
  A shadow (D:11)
  A vampire (D:12)
  3 wyverns
  A nameless horror (D:8)
  2 basilisks
  36 yaks
  4 humans (Bailey)
  7 vampire mosquitoes
  8 steam dragons
  Menkaure (D:4)
  4 acid dragons
  A water moccasin (D:5)
  2 ice beasts
  2 sky beasts (D:7)
  6 orc warriors
  3 ogres
  A black bear (D:8)
  8 wolves
  3 centaurs
  A phantom (D:7)
  2 kobold brigands
  17 bullfrogs
  A gnoll sergeant (D:10)
  2 scorpions
  13 killer bees
  A troll skeleton (D:10)
  3 spriggan skeletons (D:10)
  5 electric eels
  3 howler monkeys
  A lava snake (Lair:5)
  A hound (D:5)
  9 orc priests
  A jelly (D:4)
  2 iguanas (D:5)
  A gnoll bouda (D:8)
  6 orc wizards
  Natasha (thrice) (D:2)
  Robin (D:3)
  5 adders
  10 gnolls
  2 white imps
  2 worms (D:3)
  4 dart slugs
  31 orcs
  4 bats
  3 endoplasms
  2 giant cockroaches (D:1)
  17 goblins
  12 hobgoblins
  3 jackals (D:1)
  2 quokkas
  7 ball pythons
  A frilled lizard (D:1)
  10 kobolds
  A spectral goblin (D:1)
385 creatures vanquished.

Vanquished Creatures (collateral kills)
  Josephine (D:10)
  A hydra (D:10)
  A two-headed ogre (D:10)
  Urug (Lair:2)
  A merfolk siren (Lair:2)
  A cane toad (Lair:5)
  A troll (D:12)
  A tyrant leech (Lair:5)
  A slime creature (D:12)
  A blink frog (Lair:5)
  2 wraiths (D:10)
  14 yaks
  A human (Bailey)
  A vampire mosquito (Lair:5)
  A water moccasin (D:8)
  An orc warrior (D:9)
  3 bullfrogs
  3 killer bees (D:8)
  2 spriggan skeletons (D:10)
  A gnoll (Bailey)
  A goblin (D:8)
40 creatures vanquished.

Vanquished Creatures (others)
  2 rime drakes (Lair:4)
  A troll (D:12)
  28 fungi
  65 plants
96 creatures vanquished.

Grand Total: 521 creatures vanquished

Notes
Turn   | Place    | Note
-------+----------+-------------------------------------------
     0 | D:1      | gruber the Gnoll Ice Elementalist began the quest for the
                  | Orb.
     0 | D:1      | Reached XP level 1. HP: 13/13 MP: 6/6
     2 | D:1      | Found a runed translucent door.
     2 | D:1      | Noticed a jelly
   121 | D:1      | Reached XP level 2. HP: 19/19 MP: 4/7
   574 | D:1      | Found a faded altar of an unknown god.
  1034 | D:2      | Reached skill level 5 in Spellcasting
  1034 | D:2      | Reached XP level 3. HP: 25/25 MP: 7/9
  1094 | D:2      | Reached skill level 1 in Invocations
  1118 | D:2      | Noticed Natasha
  1311 | D:3      | Learned a level 3 spell: Frozen Ramparts
  1420 | D:2      | Killed Natasha
  1421 | D:2      | Reached skill level 1 in Fighting
  1421 | D:2      | Reached skill level 1 in Short Blades
  1421 | D:2      | Reached skill level 1 in Long Blades
  1421 | D:2      | Reached skill level 1 in Axes
  1421 | D:2      | Reached skill level 1 in Maces & Flails
  1421 | D:2      | Reached skill level 1 in Polearms
  1421 | D:2      | Reached skill level 1 in Staves
  1421 | D:2      | Reached skill level 1 in Ranged Weapons
  1421 | D:2      | Reached skill level 1 in Throwing
  1421 | D:2      | Reached skill level 1 in Armour
  1421 | D:2      | Reached skill level 1 in Shields
  1421 | D:2      | Reached skill level 1 in Unarmed Combat
  1421 | D:2      | Reached skill level 1 in Evocations
  1421 | D:2      | Reached XP level 4. HP: 25/32 MP: 6/11
  1639 | D:2      | Noticed Natasha
  1712 | D:2      | Killed Natasha
  1713 | D:2      | Reached skill level 1 in Conjurations
  1713 | D:2      | Reached skill level 1 in Hexes
  1713 | D:2      | Reached skill level 1 in Summonings
  1713 | D:2      | Reached skill level 1 in Necromancy
  1713 | D:2      | Reached skill level 1 in Translocations
  1713 | D:2      | Reached skill level 1 in Transmutations
  1713 | D:2      | Reached skill level 1 in Fire Magic
  1713 | D:2      | Reached skill level 1 in Air Magic
  1713 | D:2      | Reached skill level 1 in Earth Magic
  1713 | D:2      | Reached skill level 1 in Poison Magic
  2127 | D:2      | Noticed Natasha
  2137 | D:2      | Killed Natasha
  2138 | D:2      | Reached XP level 5. HP: 37/37 MP: 6/12
  2209 | D:3      | Learned a level 3 spell: Ozocubu's Armour
  2592 | D:3      | Noticed Robin
  2597 | D:3      | Killed Robin
  2960 | D:4      | Found a burning altar of Makhleb.
  2967 | D:4      | Noticed an ogre
  2978 | D:4      | Killed an ogre
  2979 | D:4      | Reached skill level 5 in Dodging
  2979 | D:4      | Reached XP level 6. HP: 44/44 MP: 4/14
  3345 | D:4      | Noticed Menkaure
  3354 | D:4      | Gained mutation: Your flesh is cold resistant. (rC+)
                  | [potion of mutation]
  3354 | D:4      | Gained mutation: You have a somewhat thin skeletal
                  | structure. (Dex +2, Stealth+) [potion of mutation]
  3357 | D:4      | Killed Menkaure
  3358 | D:4      | Reached XP level 7. HP: 6/50 MP: 9/15
  3614 | D:4      | Found an iron altar of Okawaru.
  3625 | D:4      | Found a sacrificial altar of Ru.
  3628 | D:4      | Found a glowing silver altar of Zin.
  3631 | D:4      | Found a stormy altar of Qazlal.
  3762 | D:5      | Entered Level 5 of the Dungeon
  3951 | D:5      | Identified the +1 buckler "Wuddec" {rC+ rCorr SInv Stlth+}
  4077 | D:5      | Reached skill level 5 in Stealth
  4328 | D:5      | Reached XP level 8. HP: 58/58 MP: 10/16
  5087 | D:6      | Found a runed translucent gate.
  5145 | D:6      | Found a runed translucent gate.
  5146 | D:6      | Found a runed translucent gate.
  5146 | D:6      | Noticed p0werm0de's ghost (novice OpMo)
  5148 | D:6      | Identified the +1 plate armour of the Solemn God {rC- rN+
                  | SInv}
  5410 | D:7      | Found a staircase to the Ecumenical Temple.
  5475 | Temple   | Entered the Ecumenical Temple
  5660 | Temple   | Became a worshipper of Vehumet
  5867 | D:7      | Reached XP level 9. HP: 37/65 MP: 7/18
  5872 | D:7      | Learned a level 4 spell: Summon Ice Beast
  6446 | D:8      | Reached * piety under Vehumet
  6446 | D:8      | Offered knowledge of Magic Dart by Vehumet.
  6704 | D:8      | Reached skill level 5 in Invocations
  6867 | D:8      | Noticed a nameless horror
  6883 | D:8      | Killed a nameless horror
  7084 | D:8      | Reached skill level 5 in Fighting
  7084 | D:8      | Reached skill level 5 in Short Blades
  7084 | D:8      | Reached skill level 5 in Long Blades
  7084 | D:8      | Reached skill level 5 in Axes
  7084 | D:8      | Reached skill level 5 in Maces & Flails
  7084 | D:8      | Reached skill level 5 in Polearms
  7084 | D:8      | Reached skill level 5 in Staves
  7084 | D:8      | Reached skill level 5 in Ranged Weapons
  7084 | D:8      | Reached skill level 5 in Throwing
  7084 | D:8      | Reached skill level 5 in Armour
  7084 | D:8      | Reached skill level 5 in Shields
  7084 | D:8      | Reached skill level 5 in Unarmed Combat
  7084 | D:8      | Reached skill level 5 in Evocations
  7084 | D:8      | Reached XP level 10. HP: 74/74 MP: 8/20
  7111 | D:8      | Found a flagged portal.
  7117 | Bailey   | Entered a bailey
  7319 | Bailey   | Reached ** piety under Vehumet
  7327 | Bailey   | Offered knowledge of Sandblast by Vehumet.
  7464 | Bailey   | Noticed a vault guard
  7473 | Bailey   | Noticed Prince Ribbit
  7473 | Bailey   | Noticed a vault guard
  7498 | Bailey   | Killed Prince Ribbit
  7573 | Bailey   | Killed a vault guard
  7674 | Bailey   | Identified a scroll of acquirement
  7675 | Bailey   | Acquired the +1 pair of gloves of the Trombone {rF+}
  7779 | Bailey   | Killed a vault guard
  7780 | Bailey   | Reached skill level 5 in Conjurations
  7780 | Bailey   | Reached skill level 5 in Hexes
  7780 | Bailey   | Reached skill level 5 in Summonings
  7780 | Bailey   | Reached skill level 5 in Necromancy
  7780 | Bailey   | Reached skill level 5 in Translocations
  7780 | Bailey   | Reached skill level 5 in Transmutations
  7780 | Bailey   | Reached skill level 5 in Fire Magic
  7780 | Bailey   | Reached skill level 5 in Air Magic
  7780 | Bailey   | Reached skill level 5 in Earth Magic
  7780 | Bailey   | Reached skill level 5 in Poison Magic
  7780 | Bailey   | Reached XP level 11. HP: 50/81 MP: 5/22
  7880 | Bailey   | Reached XP level 12. HP: 91/91 MP: 22/24
  8311 | D:9      | Noticed a two-headed ogre
  8318 | D:9      | Killed a two-headed ogre
  8463 | D:10     | Entered Level 10 of the Dungeon
  8656 | D:10     | Noticed a two-headed ogre
  8667 | D:10     | Killed a two-headed ogre
  9175 | D:9      | Found a staircase to the Orcish Mines.
  9350 | D:9      | Noticed Harold
  9362 | D:9      | Killed Harold
  9669 | D:9      | Offered knowledge of Inner Flame by Vehumet.
 10222 | D:10     | Found a large runed translucent door.
 10222 | D:10     | Found a large runed translucent door.
 10408 | D:10     | Reached *** piety under Vehumet
 10583 | D:10     | Noticed Josephine
 10601 | D:10     | Offered knowledge of Kindle Blastsparks by Vehumet.
 10868 | D:10     | Noticed Maurice
 10902 | D:10     | Killed Maurice
 11139 | D:10     | Learned a level 4 spell: Olgreb's Toxic Radiance
 11178 | D:10     | Killed Josephine
 11194 | D:10     | Reached **** piety under Vehumet
 11374 | D:10     | Found a staircase to the Lair.
 11392 | D:10     | Noticed an eight-headed hydra
 11399 | D:10     | Killed an eight-headed hydra
 11400 | D:10     | Reached XP level 13. HP: 80/98 MP: 14/26
 11564 | D:10     | Found an ornate altar of the Wu Jian Council.
 11574 | D:10     | Found a broken altar of Ashenzari.
 12132 | D:11     | Offered knowledge of Arcjolt by Vehumet.
 12133 | D:11     | Reached skill level 10 in Ice Magic
 12151 | D:11     | Learned a level 5 spell: Arcjolt
 13217 | D:12     | Reached skill level 10 in Spellcasting
 14140 | D:13     | Found Pikithri's Jewellery Boutique.
 14168 | D:13     | Found a transporter.
 14172 | D:13     | Noticed Celin's ghost (journeyman DsBr)
 14190 | D:13     | Reached skill level 10 in Dodging
 14207 | D:13     | Found a transporter.
 14971 | D:13     | Reached skill level 10 in Stealth
 15069 | Lair:1   | Entered Level 1 of the Lair of Beasts
 15176 | Lair:1   | Identified the +0 pair of gloves of Prudence {Int+2}
 15440 | Lair:1   | Reached ***** piety under Vehumet
 15514 | Lair:1   | Reached XP level 14. HP: 108/108 MP: 28/28
 15582 | Lair:1   | Reached skill level 10 in Invocations
 15932 | Lair:2   | Offered knowledge of Eringya's Noxious Bog by Vehumet.
 16137 | Lair:2   | Noticed Urug
 16150 | Lair:2   | Killed Urug
 16523 | Lair:2   | Found a staircase to the Shoals.
 17066 | Lair:2   | Acquired the +0 cloak of Thoughtfulness {rCorr Str+4 Int+2}
 17420 | Lair:3   | You fall into a shaft and drop 2 floors!
 17420 | Lair:5   | Entered Level 5 of the Lair of Beasts
 18079 | Lair:4   | Reached skill level 10 in Fighting
 18079 | Lair:4   | Reached skill level 10 in Short Blades
 18079 | Lair:4   | Reached skill level 10 in Long Blades
 18079 | Lair:4   | Reached skill level 10 in Axes
 18079 | Lair:4   | Reached skill level 10 in Maces & Flails
 18079 | Lair:4   | Reached skill level 10 in Polearms
 18079 | Lair:4   | Reached skill level 10 in Staves
 18079 | Lair:4   | Reached skill level 10 in Ranged Weapons
 18079 | Lair:4   | Reached skill level 10 in Throwing
 18079 | Lair:4   | Reached skill level 10 in Armour
 18079 | Lair:4   | Reached skill level 10 in Shields
 18079 | Lair:4   | Reached skill level 10 in Unarmed Combat
 18079 | Lair:4   | Reached skill level 10 in Evocations
 18094 | Lair:4   | HP: 5/110 [rime drake/flash freeze (9)]
 18095 | Lair:4   | Slain by a rime drake

Illustrated notes

Levels and vault maps discovered:
D:1:      dpeg_arrival_caged_fury, layout_basic,
          dreamdust_ecumenical_altar_drowned_temple
D:2:      layout_basic, minmay_pentomino_z2, uniq_natasha
D:3:      layout_loops_cross, uniq_robin
D:4:      layout_basic, old_standard_altar, grunt_temple_overflow_cloverleaf,
          uniq_menkaure
D:5:      layout_loops_cross, grunt_decor_arrowhead, minivault_19
D:6:      layout_basic, biasface_ghost_orc_armoury
D:7:      layout_basic, minmay_temple_entry_junction
D:8:      layout_basic, enter_bailey_3
D:9:      layout_stronghold, david_orc_4, uniq_harold
D:10:     layout_gridville, jmf_multi_god_temple2, lair_entry_dummy,
          hangedman_tell_no_tales, uniq_josephine, uniq_maurice
D:11:     layout_basic
D:12:     layout_rooms
D:13:     layout_roguey, serial_shops, nicolae_shop_waterfront,
          gammafunk_ghost_stat_death
Temple:   bh_familiar_temple
Lair:1:   layout_chaotic_city, dpeg_stationary_puzzle, grunt_megastairs_5,
          infiniplex_staircase_pool, serial_bayou_shore_b
Lair:2:   dreamdust_cave_troll, layout_small_grid, elwin_shoals_entry_stream,
          uniq_urug
Lair:3:   layout_roguey, spider_nest_entry_a, hangedman_tree_tricks,
          chequers_serial_rivers_micro_c
Lair:4:   layout_long_grid, slime_entry_1, bobbens_dragon_lair_wall
Lair:5:   minmay_lair_end_frog_pond, layout_loops_ring,
          nicolae_lair_liquid_snakes

Skill      XL: |  1  2  3  4  5  6  7  8  9 10 11 12 13 14 |
---------------+-------------------------------------------+-----
Spellcasting   | 5 6 7 8 9 10 11 | 11.1
Invocations    | 1 2 3 4 5 6 7 8 9 10 | 10.8
Fighting       | 1 2 3 5 6 7 8 9 10 | 10.0
Short Blades   | 1 2 3 5 6 7 8 9 10 | 10.0
Long Blades    | 1 2 3 5 6 7 8 9 10 | 10.0
Axes           | 1 2 3 5 6 7 8 9 10 | 10.0
Maces & Flails | 1 2 3 5 6 7 8 9 10 | 10.0
Polearms       | 1 2 3 5 6 7 8 9 10 | 10.0
Staves         | 1 2 3 5 6 7 8 9 10 | 10.0
Ranged Weapons | 1 2 3 5 6 7 8 9 10 | 10.0
Throwing       | 1 2 3 5 6 7 8 9 10 | 10.0
Armour         | 1 2 3 5 6 7 8 9 10 | 10.0
Shields        | 1 2 3 5 6 7 8 9 10 | 10.0
Unarmed Combat | 1 2 3 5 6 7 8 9 10 | 10.0
Evocations     | 1 2 3 5 6 7 8 9 10 | 10.0
Conjurations   | 1 2 3 4 5 6 7 8 |  8.3
Hexes          | 1 2 3 4 5 6 7 8 |  8.3
Summonings     | 1 2 3 4 5 6 7 8 |  8.3
Necromancy     | 1 2 3 4 5 6 7 8 |  8.3
Translocations | 1 2 3 4 5 6 7 8 |  8.3
Transmutations | 1 2 3 4 5 6 7 8 |  8.3
Fire Magic     | 1 2 3 4 5 6 7 8 |  8.3
Air Magic      | 1 2 3 4 5 6 7 8 |  8.3
Earth Magic    | 1 2 3 4 5 6 7 8 |  8.3
Poison Magic   | 1 2 3 4 5 6 7 8 |  8.3
Dodging        | 5 6 7 8 9 10 11 | 11.0
Stealth        | 5 6 7 8 9 10 | 10.8
Ice Magic      | 8 9 10 11 | 11.0

Action                   |  1- 3 |  4- 6 |  7- 9 | 10-12 | 13-15 || total
-------------------------+-------+-------+-------+-------+-------++-------
Melee: Dagger            |    30 |    30 |   151 |   123 |   496 ||   830
       Bite              |     6 |     3 |    19 |    52 |   105 ||   185
       Unarmed           |     1 |       |       |       |       ||     1
       Punch             |       |     1 |     1 |       |       ||     2
       Hand axe          |       |       |       |   187 |   121 ||   308
 Fire: Sling             |    48 |    68 |       |       |       ||   116
 Cast: Freeze            |    15 |     4 |     9 |    25 |    30 ||    83
       Frozen Ramparts   |     1 |    15 |    20 |    52 |    49 ||   137
       Ozocubu's Armour  |       |     2 |    13 |    33 |    45 ||    93
       Summon Ice Beast  |       |       |     4 |    29 |    31 ||    64
       Arcjolt           |       |       |       |       |    11 ||    11
       Olgreb's Toxic Ra |       |       |       |       |    54 ||    54
Evoke: Wand              |       |       |     1 |     7 |     3 ||    11
  Use: Potion            |       |     3 |       |     1 |     2 ||     6
       Scroll            |       |       |       |     7 |     4 ||    11
 Stab: Sleeping          |     1 |       |     8 |     5 |    25 ||    39
       Paralysed         |       |       |       |     1 |     2 ||     3
       Distracted        |       |       |       |       |     3 ||     3
Armor: Robe              |     8 |    15 |    34 |       |       ||    57
       Steam dragon scal |       |       |     9 |   108 |    38 ||   155
       Troll leather arm |       |       |       |       |   125 ||   125
Dodge: Dodged            |    50 |    52 |    77 |   164 |   309 ||   652
Block: Buckler           |       |       |    27 |    97 |   145 ||   269

Table legend: (Time is in decaauts)
 A = Elapsed time spent in this place.
 B = Non-inter-level travel time spent in this place.
 C = Inter-level travel time spent in this place.
 D = Time resting spent in this place.
 E = Time spent auto-exploring this place.
 F = Levels seen in this place.
 G = Mean time per level.
                   A        B        C        D        E       F      G
               +--------+--------+--------+--------+--------+-----+--------+
         Total |  17882 |  17187 |    695 |     19 |  13605 |  20 |  894.1 |
       Dungeon |  13985 |  13383 |    602 |     19 |  10739 |  13 | 1075.8 |
        Temple |    216 |    170 |     46 |      0 |    166 |   1 |  216.0 |
          Lair |   2900 |   2854 |     46 |      0 |   2142 |   5 |  580.0 |
        Bailey |    780 |    780 |      0 |      0 |    557 |   1 |  780.0 |
               +--------+--------+--------+--------+--------+-----+--------+

Top non-repeatable levels by time:
    D:10: 1699 daAuts
     D:9: 1639 daAuts
  Lair:2: 1524 daAuts
    D:13: 1453 daAuts
     D:8: 1081 daAuts
    D:11: 1075 daAuts
     D:1: 1022 daAuts
     D:2: 1013 daAuts
     D:4: 898 daAuts
     D:3: 865 daAuts
     D:5: 853 daAuts
     D:7: 803 daAuts
    D:12: 798 daAuts
     D:6: 782 daAuts
  Bailey: 780 daAuts
